 Dungeon Crawl Stone Soup version 0.24.0-13-gcf9b319 (webtiles) character file.

Game seed: 7972243235320176911, levelgen mode: deterministic

137 Fang the Skirmisher (level 5, -7/33 HPs)
             Began as a Gargoyle Berserker on Dec 2, 2019.
             Was a Believer of Trog.
             Killed by divine providence
             ... invoked by an orc priest
              (11 damage)
             ... on level 3 of the Dungeon.
             The game lasted 00:01:54 (1504 turns).

Fang the Skirmisher (Gargoyle Berserker)            Turns: 1504, Time: 00:01:54

Health: -7/33      AC: 13    Str: 22    XL:     5   Next: 20%
Magic:  5/5        EV:  8    Int:  7    God:    Trog [**....]
Gold:   105        SH:  6    Dex:  9    Spells: 4/4 levels left

rFire    . . .     SeeInvis .   q - +1 war axe (flame)
rCold    . . .     Gourm    .   (no shield)
rNeg     + . .     Faith    .   b - +0 chain mail (curse)
rPois    ∞         Spirit   .   (no helmet)
rElec    +         Reflect  +   (no cloak)
rCorr    +         Harm     .   (no gloves)
MR       ++...                  (no boots)
Stlth    ..........             h - +6 amulet of reflection
HPRegen  1.11/turn              o - ring of resist corrosion
MPRegen  0.09/turn              (no ring)

@: berserk cooldown, regenerating, slowed, very slow
A: negative energy resistance 1, electricity resistance, unbreathing,
petrification resistance, rot immunity, AC +4
a: Berserk, Trog's Hand, Renounce Religion


You were on level 3 of the Dungeon.
You worshipped Trog.
Trog was pleased with you.
You were hungry.

You visited 1 branch of the dungeon, and saw 3 of its levels.

You collected 105 gold pieces.

Inventory:

Hand Weapons
 a - a +0 war axe
 q - a +1 war axe of flaming (weapon)
Armour
 b - a cursed +0 chain mail (worn)
Jewellery
 h - a +6 amulet of reflection (around neck)
 o - a ring of resist corrosion (left hand)
Scrolls
 f - a scroll of enchant weapon {unknown}
 g - a scroll of amnesia {unknown}
 n - a scroll of magic mapping {unknown}
 s - a scroll of teleportation {unknown}
 t - a scroll of remove curse {unknown}
 v - 2 scrolls of identify {unknown}
Potions
 d - a potion of haste {unknown}
 e - 2 potions of mutation {unknown}
 i - 3 potions of flight {unknown}
 j - a potion of lignification {unknown}
 k - a potion of brilliance {unknown}
 l - a potion of ambrosia {unknown}
 m - a potion of cancellation {unknown}
 p - a potion of might {unknown}
 u - a potion of agility {unknown}
 w - a potion of magic {unknown}
Comestibles
 c - 5 rations
 r - 10 chunks of flesh


   Skills:
 + Level 4.2 Fighting
 + Level 3.4 Axes
 + Level 3.4 Armour
 + Level 2.5 Dodging


You had 4 spell levels left.
You didn't know any spells.
Your spell library was empty.

Dungeon Overview and Level Annotations

Branches:
Dungeon (3/15)

Altars:
Ashenzari
Kikubaaqudgha

Annotations:
D:3 Sigmund


Innate Abilities, Weirdness & Mutations

You are resistant to torment.
Your stone body is resilient. (AC +4)
You are immune to poison.
You resist negative energy. (rN+)
You are resistant to electric shocks. (rElec)
You can survive without breathing.
You are immune to petrification.
You are immune to rotting.


Message History

a +0 dagger; a +0 ring mail; a +0 mace; a +0 ring mail; an orc corpse Your chain mail prevents you from hitting something.
Something hits you.
* * * LOW HITPOINT WARNING * * *
You closely miss something.
You are no longer berserk.
You are exhausted.
You feel yourself slow down.
The orc priest miscasts a cantrip.
You barely miss something.
Something hits you but does no damage. x2
Your skin crawls.
You feel resistant to hostile enchantments.
You feel somewhat more hungry. Something hits you but does no damage.
You hear some strange, mumbled words.
A puff of flame appears from out of thin air!
The puff of flame hits you.
* * * LOW HITPOINT WARNING * * *
The orc priest invokes the aid of Beogh against you.
Beogh smites you!
You die...

# #.# #.##.....# #
#.# #.###....# #
#.###.# ##..## ##
#...#.# #..# .#
###.#.####..# .#
##.#.##....#
.######....##.##.#
<.(.....)..##. #.#
(######...### #@#
## ##.## #)#
.#######.### #{#
...÷.......#


oo. .#######.#.# ##.#. ## #.#... ..#.# #.# ### ### # ########.# .........# You
could see an orc priest and an orc.

Vanquished Creatures
  An orc priest (D:3)
  4 gnolls (D:3)
  An adder (D:3)
  2 worms
  A dart slug (D:1)
  A leopard gecko (D:2)
  3 orcs (D:3)
  4 bats
  A giant cockroach (D:1)
  10 goblins
  3 hobgoblins
  7 kobolds
  A quokka (D:2)
  A ball python (D:3)
  4 frilled lizards
  7 rats
51 creatures vanquished.

Notes
Turn   | Place    | Note
-------+----------+-------------------------------------------
     0 | D:1      | Fang the Gargoyle Berserker began the quest for the Orb.
     0 | D:1      | Reached XP level 1. HP: 14/14 MP: 1/1
    79 | D:1      | Reached XP level 2. HP: 19/19 MP: 2/2
   497 | D:2      | Found a shattered altar of Ashenzari.
   710 | D:2      | Found an ancient bone altar of Kikubaaqudgha.
   718 | D:2      | Reached XP level 3. HP: 21/23 MP: 3/3
   724 | D:2      | Reached ** piety under Trog
  1289 | D:3      | Reached XP level 4. HP: 20/29 MP: 4/4
  1364 | D:3      | Reached skill level 4 in Fighting
  1493 | D:3      | Noticed Sigmund
  1498 | D:3      | Reached XP level 5. HP: 15/33 MP: 5/5
  1504 | D:3      | Killed from afar by an orc priest

Levels and vault maps discovered:
D:1:      nzn_arrival_water_spiral, layout_basic, hangedman_decor_opposing,
          chequers_serial_rivers_micro_e
D:2:      layout_rooms, lemuel_round_altar, ashenzari_altar_1
D:3:      layout_loops_ring, first_ration, uniq_sigmund, uniq_robin

Skill      XL: |  1  2  3  4 |
---------------+-------------+-----
Axes           | 3 |  3.4
Dodging        | 2 |  2.5
Armour         | 3 |  3.4
Fighting       | 4 |  4.2

Action                   |  1- 3 |  4- 6 || total
-------------------------+-------+-------++-------
Melee: Hand axe          |    79 |       ||    79
       War axe           |    12 |    42 ||    54
Invok: Berserk           |     1 |     2 ||     3
       Trog's Hand       |       |     1 ||     1
  Eat: Chunk             |     2 |     2 ||     4
Armor: Animal skin       |    18 |       ||    18
       Chain mail        |    17 |    25 ||    42
Dodge: Dodged            |    38 |    12 ||    50
Block: Other             |    23 |     8 ||    31
       Reflection        |     1 |       ||     1
